 Dungeon Crawl Stone Soup version 0.25-a0-306-g3faca94807 (webtiles) character file.

Game seed: 15369125085175652582, levelgen mode: deterministic

208 DerDa the Magician (level 5, -3/31 HPs)
             Began as an Octopode Fire Elementalist on Dec 21, 2019.
             Slain by a slave (10 damage)
             ... led by Pikel
             ... on level 4 of the Dungeon.
             The game lasted 00:14:33 (3429 turns).

DerDa the Magician (Octopode Fire Elementalist)     Turns: 3429, Time: 00:14:34

Health: -3/31      AC:  1    Str:  6 (8)  XL:     5   Next: 86%
Magic:  4/11       EV: 16    Int: 17 (18) God:
Gold:   147        SH:  0    Dex: 10 (12) Spells: 11/12 levels left

rFire    . . .     SeeInvis .   w - +0 falchion
rCold    . . .     Gourm    .   (no shield)
rNeg     . . .     Faith    .   (helmet restricted)
rPois    .         Spirit   .   (no amulet)
rElec    .         Reflect  .   f - ring of stealth
rCorr    .         Harm     .   k - +3 ring of evasion
MR       .....                  (no ring)
Stlth    ++++......             (no ring)
HPRegen  0.10/turn              (no ring)
MPRegen  0.12/turn              (no ring)
                                (no ring)
                                (no ring)

@: no status effects
A: almost no armour, stealthy swim, amphibious, 8 rings, constrict 8, camouflage
1, gelatinous body 1
a: no special abilities


You were on level 4 of the Dungeon.
You were not hungry.

You visited 2 branches of the dungeon, and saw 5 of its levels.

You collected 147 gold pieces.

Inventory:

Hand Weapons
 c - a +0 club
 e - a +0 whip
 t - a +0 hunting sling
 w - a +0 falchion (weapon)
Missiles
 i - 29 bolts
 j - 135 stones (quivered)
 r - 33 sling bullets
 x - 20 poisoned darts
Jewellery
 f - a ring of stealth (left tentacle)
 k - a +3 ring of evasion (right tentacle)
Scrolls
 d - a scroll of immolation {unknown}
 g - a scroll of amnesia {unknown}
 h - a scroll of blinking {unknown}
 l - 2 scrolls of noise {unknown}
 m - a scroll of fog {unknown}
 n - a scroll of enchant armour {unknown}
 o - 2 scrolls of enchant weapon {unknown}
 p - 3 scrolls of identify {unknown}
 q - 5 scrolls of remove curse {unknown}
Potions
 s - a potion of brilliance {unknown}
 u - a potion of lignification {unknown}
 v - a potion of might {unknown}
Comestibles
 a - 2 chunks of flesh
 b - 5 rations


   Skills:
 - Level 2.0 Dodging
 - Level 2.9 Stealth
 * Level 4.1 Spellcasting
 + Level 2.7 Conjurations
 + Level 4.0 Fire Magic


You had 11 spell levels left.
You knew the following spells:

 Your Spells              Type           Power        Failure   Level  Hunger
a - Foxfire               Conj/Fire      ##..         4%          1    None

Your spell library contained the following spells:

 Spells                   Type           Power        Failure   Level  Hunger
 Conjure Flame            Conj/Fire      ##......     12%         3    ###....
 Inner Flame              Hex/Fire       ##......     21%         3    ###....
 Sticky Flame             Conj/Fire      ##......     36%         4    ####...
 Fireball                 Conj/Fire      ##........   73%         5    ######.


Dungeon Overview and Level Annotations

Branches:
Dungeon (4/15)             Temple (1/1) D:4

Altars:
Ashenzari
Cheibriados
Dithmenos
Elyvilon
Fedhas
Gozag
Kikubaaqudgha
Makhleb
Nemelex Xobeh
Okawaru
Qazlal
Ru
Trog
Vehumet
Wu Jian
Xom
Yredelemnul
Zin
The Shining One

Annotations:
D:4 Pikel


Innate Abilities, Weirdness & Mutations

You cannot wear most types of armour.
You are very stealthy in the water. (Stealth+)
You are amphibious.
You can wear up to eight rings at the same time.
You can use your tentacles to constrict eight enemies at once.
Your skin changes colour to match your surroundings (Stealth+).
Your rubbery body absorbs attacks. (AC +1, EV +1)


Message History

The slave misses you.
You riposte.
You hit the slave.
The slave is heavily wounded.
Casting: Foxfire (safe; 4% risk of failure)
Confirm with . or Enter, or press ? or * to list all spells.
You conjure some foxfire!
You constrict the slave, but do no damage.
The foxfire hits the slave but does no damage.
The slave is heavily wounded.
The foxfire hits the slave.
The slave is severely wounded.
The slave barely misses you.
You riposte.
You hit the slave but do no damage.
The slave is heavily wounded.
Casting: Foxfire (safe; 4% risk of failure)
Confirm with . or Enter, or press ? or * to list all spells.
You conjure some foxfire!
You constrict the slave.
The foxfire hits the slave.
The slave is severely wounded.
The foxfire hits the slave.
The slave is almost dead.
The slave hits you!
You die...

###...####)##.# #.# #.#
##..###.h..##.# #.### ###.#####
#..##l..#..##.###.8.#####>#....>.
#.##..h #.###.............)..####
..#... #.#.###.8.>.8####.#### #
†##.. ..#.# #......# #.# # .# .
.##.# #.#.8.## #.# # .#
###..###.###§#v### #.# #
.#.....###...##.@v# #.# # ....#
##........p## #.# ## #####
#.##...###.########.#### #.
#######.###.## #.##..........# #.
........# #.# #.##.#####.##.# #.
######### #.# #.##.# #.##.# #.
#.# #.##.#####.##.# #. ###### #.#
#...#.p..#.##.###. ...... ..#
####.##...........


You could see a slave.

Vanquished Creatures
  An iguana (D:4)
  A worker ant (D:4)
  5 adders
  An ooze (D:3)
  4 worms
  2 dart slugs
  A leopard gecko (D:2)
  8 orcs
  9 bats
  2 giant cockroaches (D:3)
  9 goblins
  11 hobgoblins
  12 jackals
  5 kobolds
  3 ball pythons
  3 frilled lizards
  A quokka zombie (D:3)
  3 rats (D:1)
  A rat zombie (D:4)
82 creatures vanquished.

Vanquished Creatures (others)
  254 foxfires
254 creatures vanquished.

Grand Total: 336 creatures vanquished

Notes
Turn   | Place    | Note
-------+----------+-------------------------------------------
     0 | D:1      | DerDa the Octopode Fire Elementalist began the quest for
                  | the Orb.
     0 | D:1      | Reached XP level 1. HP: 11/11 MP: 3/3
    73 | D:1      | Reached XP level 2. HP: 15/17 MP: 1/5
   739 | D:2      | Reached XP level 3. HP: 17/21 MP: 1/6
  1161 | D:2      | Found a sparkling altar of Nemelex Xobeh.
  1196 | D:2      | Reached XP level 4. HP: 22/27 MP: 4/8
  1249 | D:2      | Found an iron altar of Okawaru.
  1918 | D:3      | Reached XP level 5. HP: 21/31 MP: 4/10
  1940 | D:3      | Found a radiant altar of Vehumet.
  2646 | D:4      | HP: 1/31 [poisoned by a worker ant]
  2927 | D:4      | Found a staircase to the Ecumenical Temple.
  2967 | Temple   | Entered the Ecumenical Temple
  3204 | D:4      | Found an ancient bone altar of Kikubaaqudgha.
  3383 | D:4      | Noticed a slave
  3383 | D:4      | Noticed a slave
  3386 | D:4      | Noticed a slave
  3388 | D:4      | Noticed Pikel
  3429 | D:4      | Slain by a slave

Levels and vault maps discovered:
D:1:      evilmike_arrival_crescent, layout_basic
D:2:      layout_rooms, lemuel_doored_altar, kennysheep_okawaru_gauntlet,
          kennysheep_generic_room_16
D:3:      minmay_skewed_foursquare, layout_basic, lemuel_crystal_altar
D:4:      minmay_evil_eye, layout_loops_ring, lemuel_zombie_altar_kikubaaqudgha,
          minmay_temple_entry_statues_pillars, uniq_blork_the_orc, uniq_pikel
Temple:   regret_index_temple_generic_petals

Skill      XL: |  1  2  3  4  5 |
---------------+----------------+-----
Spellcasting   | 3 4 |  4.1
Conjurations   | 2 |  2.7
Fire Magic     | 4 |  4.0
Dodging        | |  2.0
Stealth        | |  2.9

Action                   |  1- 3 |  4- 6 || total
-------------------------+-------+-------++-------
Melee: Unarmed           |     5 |       ||     5
       Constrict         |     9 |    17 ||    26
       Tentacles         |     3 |    10 ||    13
       Whip              |    18 |    18 ||    36
       Falchion          |       |    31 ||    31
 Cast: Foxfire           |    44 |   106 ||   150
  Use: Potion            |       |     2 ||     2
 Stab: Sleeping          |     1 |     4 ||     5
  Eat: Chunk             |     1 |     7 ||     8
Armor: Skin              |     2 |     2 ||     4
Dodge: Dodged            |    31 |    68 ||    99
       Rpst.: Falchion   |       |    14 ||    14

Table legend:
 A = Non-vault XP
 B = Vault XP
 C = Vault XP percentage of total XP
 D = Non-vault monster count
 E = Vault monster count
 F = Vault count percentage of total count
                 A         B        C        D         E       F
            +---------+---------+-------+---------+---------+-------
      Total |     259 |      39 |  13.1 |      71 |      11 |  13.4
            +---------+---------+-------+---------+---------+-------
        D:1 |      32 |       0 |   0.0 |      16 |       0 |   0.0
        D:2 |      78 |       9 |  10.3 |      27 |       3 |  10.0
        D:3 |      54 |      29 |  34.9 |      20 |       7 |  25.9
        D:4 |      95 |       1 |   1.0 |       8 |       1 |  11.1
            +---------+---------+-------+---------+---------+-------
